 Dungeon Crawl Stone Soup version 0.23-a0-844-gdc03e01 (console) character file.

2009 bli the Carver (level 9, -10/79 HPs)
             Began as a Minotaur Monk on Jan 26, 2019.
             Was a Believer of Wu Jian.
             Killed by divine providence
             ... invoked by an orc priest
              (15 damage)
             ... on level 6 of the Dungeon.
             The game lasted 00:19:47 (5206 turns).

bli the Carver (Minotaur Monk)                      Turns: 5206, Time: 00:19:48

Health: -10/79     AC:  6    Str: 16    XL:     9   Next: 2%
Magic:  8/8        EV: 16    Int:  9    God:    Wu Jian [**....]
Gold:   267        SH:  0    Dex: 16    Spells: 8/8 levels left

rFire    . . .     SeeInvis .   a - +2 falchion (flame)
rCold    . . .     Gourm    .   (no shield)
rNeg     . . .     Faith    .   m - +1 robe {MR+}
rPois    .         Spirit   .   (helmet restricted)
rElec    .         Reflect  .   K - scarf {cloud immunity}
rCorr    .         Harm     .   g - +1 pair of gloves
MR       +....                  M - +0 pair of boots
Stlth    +++.......             (no amulet)
HPRegen  0.23/turn              u - +2 ring of intelligence
MPRegen  0.11/turn              i - ring of stealth

@: no status effects
A: retaliatory headbutt, horns 2
a: Wall Jump, Renounce Religion


You were on level 6 of the Dungeon.
You worshipped Wu Jian.
Wu Jian was pleased with you.
You were not hungry.

You visited 2 branches of the dungeon, and saw 7 of its levels.

You collected 267 gold pieces.

Inventory:

Hand Weapons
 a - a +2 falchion of flaming (weapon)
 b - a +1 short sword of protection
 t - a +4 hunting sling
 B - a +0 dagger of flaming
 D - a +0 rapier
 F - the +9 mace "Ceawal" {freeze, *Rage MR+ Str+3, unknown}
   (You found it on level 4 of the Dungeon)

   It has been specially enchanted to freeze those struck by it, causing extra
   injury to most foes and up to half again as much damage against particularly
   susceptible opponents.
   It can also slow down cold-blooded creatures.
   It affects your strength (+3).
   It affects your resistance to hostile enchantments.
   It may make you go berserk in combat.
 P - a +1 dagger of protection
 R - a +1 shortbow of velocity
Missiles
 e - 264 stones (quivered)
 l - 7 needles of sleeping
 q - 20 poisoned needles
 x - 6 tomahawks
 H - 38 sling bullets
 S - 28 arrows
Armour
 f - a +0 leather armour
 g - a +1 pair of gloves (worn)
 m - a +1 robe of magic resistance (worn)
 p - a +0 robe
 z - a +1 robe of positive energy
 K - a scarf of cloud immunity (worn)
 M - a +0 pair of boots (worn)
Jewellery
 h - an uncursed ring of magical power
 i - a ring of stealth (right hand)
 u - a +2 ring of intelligence (left hand)
 A - a +3 ring of protection {unknown}
Wands
 o - a wand of paralysis (3)
Scrolls
 d - a scroll of immolation {unknown}
 j - 3 scrolls of remove curse {unknown}
 r - 9 scrolls of identify {unknown}
 v - a scroll of noise {unknown}
 w - a scroll of fog {unknown}
 y - a scroll of random uselessness {unknown}
 C - a scroll of teleportation {unknown}
 E - a scroll of amnesia {unknown}
 G - a scroll of enchant weapon {unknown}
 Q - a scroll of silence {unknown}
Potions
 k - 5 potions of curing
 n - a potion of berserk rage {unknown}
 s - 2 potions of degeneration {unknown}
 I - 3 potions of mutation {unknown}
 J - a potion of lignification {unknown}
 L - 2 potions of might {unknown}
 N - a potion of agility {unknown}
Comestibles
 c - 13 rations
 O - 4 chunks of flesh


   Skills:
 * Level 7.4 Fighting
 * Level 10.8 Long Blades
 + Level 6.4 Dodging
 - Level 3.0 Stealth
 + Level 0.4 Evocations


You had 8 spell levels left.
You didn't know any spells.
Your spell library was empty.

Dungeon Overview and Level Annotations

Branches:
Dungeon (6/15)             Temple (1/1) D:5

Altars:
Ashenzari
Cheibriados
Dithmenos
Fedhas
Gozag
Hepliaklqana
Kikubaaqudgha
Makhleb
Nemelex Xobeh
Okawaru
Qazlal
Ru
Trog
Uskayaw
Vehumet
Wu Jian
Yredelemnul
Zin
The Shining One
Lugonu

Shops:
D:5 :


Innate Abilities, Weirdness & Mutations

You reflexively headbutt those who attack you in melee.
You have a pair of horns on your head.


Message History

You hit the iguana but do no damage.
The iguana is moderately wounded.
The adder bites you but does no damage.
There is nothing to wall jump against here.
Unknown command.
Unknown command.
It was a potion of curing.
You feel better. The adder closely misses you. The iguana bites you.
* * * LOW HITPOINT WARNING * * *
The adder closely misses you. You furiously retaliate!
You headbutt the adder.
You kill the adder!
The Council accepts your kill.
You hit the iguana but do no damage.
The iguana is moderately wounded.
The iguana completely misses you.
The orc priest invokes the aid of Beogh against you.
Beogh smites you!
* * * LOW HITPOINT WARNING * * *
The orc priest mumbles some strange prayers to Beogh against you.
Beogh smites you!
You die...

##.##.#.....#.#####..#
##.##.#.....#.#####..#
##.##.......#.##.....#
...####.....#.##.##.##
#### #.....#.##)##.# #
#######o).)...# #
#....F..##)#### #
#.#####.##o# # #.##.#
# #.##l# #.##@#
#.......# .....####
#### .. ##


You could see an iguana and an orc priest.

Vanquished Creatures
  Sigmund (D:4)
  4 yaks (D:6)
  Duvessa (D:4)
  An ice beast (D:6)
  A sky beast (D:6)
  A centaur (D:6)
  Dowan (D:4)
  2 scorpions (D:4)
  A crimson imp (D:6)
  5 hounds
  An orc priest (D:6)
  A jelly (D:5)
  4 orc wizards
  A centaur skeleton (D:6)
  2 iguanas (D:6)
  4 worker ants
  Robin (D:4)
  10 adders
  A shadow imp (D:3)
  An adder zombie (D:6)
  An adder skeleton (D:6)
  2 worms
  3 dart slugs
  4 leopard geckos
  15 orcs
  9 giant cockroaches
  13 goblins
  10 hobgoblins
  17 jackals
  7 kobolds
  4 quokkas
  2 ball pythons
  6 bats
  4 frilled lizards
  11 rats
152 creatures vanquished.

Vanquished Creatures (others)
  A giant cockroach (D:5)
1 creature vanquished.

Grand Total: 153 creatures vanquished

Notes
Turn   | Place    | Note
-------+----------+-------------------------------------------
     0 | D:1      | bli the Minotaur Monk began the quest for the Orb.
     0 | D:1      | Reached XP level 1. HP: 19/19 MP: 0/0
   156 | D:1      | Reached XP level 2. HP: 23/27 MP: 1/1
   272 | D:1      | Reached skill level 4 in Long Blades
   765 | D:2      | Reached XP level 3. HP: 21/33 MP: 2/2
   846 | D:2      | Found a sacrificial altar of Ru.
   959 | D:2      | Reached XP level 4. HP: 31/40 MP: 3/3
  1080 | D:2      | Found a bloodstained altar of Trog.
  1406 | D:3      | Found an opulent altar of Gozag.
  1406 | D:3      | Found a sparkling altar of Nemelex Xobeh.
  1414 | D:3      | Found a snail-covered altar of Cheibriados.
  1416 | D:3      | Found a hide-covered altar of Uskayaw.
  1418 | D:3      | Found a glowing silver altar of Zin.
  1451 | D:3      | Found a faded altar of an unknown god.
  1503 | D:3      | Found a bloodstained altar of Trog.
  1512 | D:3      | Found a shattered altar of Ashenzari.
  1620 | D:3      | Reached skill level 5 in Long Blades
  1893 | D:3      | Reached XP level 5. HP: 46/46 MP: 4/4
  2086 | D:3      | Found a glowing golden altar of the Shining One.
  2456 | D:4      | Noticed Sigmund
  2481 | D:4      | Killed Sigmund
  2481 | D:4      | Reached skill level 5 in Fighting
  2481 | D:4      | Reached skill level 6 in Long Blades
  2481 | D:4      | Reached skill level 5 in Dodging
  2481 | D:4      | Reached XP level 6. HP: 56/56 MP: 5/5
  2510 | D:4      | Found a blossoming altar of Fedhas.
  2520 | D:4      | Noticed Robin
  2919 | D:4      | Killed Robin
  3079 | D:4      | Noticed Duvessa
  3080 | D:4      | Noticed Dowan
  3093 | D:4      | Killed Dowan
  3093 | D:4      | Reached skill level 7 in Long Blades
  3093 | D:4      | Reached XP level 7. HP: 61/61 MP: 6/6
  3102 | D:4      | HP: 3/61 [Duvessa/+0 rapier (16)]
  3103 | D:4      | Killed Duvessa
  3476 | D:4      | Got a slimy mace
  3819 | D:5      | Entered Level 5 of the Dungeon
  3819 | D:5      | Found a hazy altar of Hepliaklqana.
  4022 | D:5      | Found a hazy altar of Hepliaklqana.
  4045 | D:5      | Found a staircase to the Ecumenical Temple.
  4060 | Temple   | Entered the Ecumenical Temple
  4078 | Temple   | Became a worshipper of the Wu Jian Council
  4078 | Temple   | Reached * piety under Wu Jian
  4078 | Temple   | Reached ** piety under Wu Jian
  4130 | D:5      | Reached skill level 8 in Long Blades
  4472 | D:5      | Found Bexas's Book Emporium.
  4837 | D:6      | Noticed a yak
  4842 | D:6      | Noticed a yak
  4843 | D:6      | Killed a yak
  4843 | D:6      | Reached XP level 8. HP: 66/70 MP: 7/7
  4860 | D:6      | Reached skill level 9 in Long Blades
  4871 | D:6      | Reached skill level 10 in Long Blades
  5182 | D:6      | Reached XP level 9. HP: 79/79 MP: 8/8
  5206 | D:6      | Killed from afar by an orc priest

Vault maps used:
D:1:      dpeg_arrival_rooms_with_view
D:2:      hangedman_ru_absence, first_ration, hangedman_decor_push,
          grunt_ministairs_1, minivault_24, trog_three_pillars_becter
D:3:      minitemple, grunt_temple_overflow_open, marbit_many_paths,
          chequers_ecumenical_altar_simple, serial_co_window_serial,
          co_window_paths_b, co_window_paths_a, co_window_paths_a,
          co_window_paths_a, co_window_corner_a, co_window_2corner,
          co_window_broadway_c, co_window_paths_d, glass_columns_a,
          glass_columns_b, glass_columns_a
D:4:      fedhas_altar_1, uniq_duvessa, uniq_robin, uniq_sigmund
D:5:      old_standard_altar, minmay_temple_entry_statues_fountains,
          serial_shops, kennysheep_mini_moat, basic_altar, lemuel_flamethrower_2
D:6:      kennysheep_potato
Temple:   corrupted_temple

Skill      XL: |  1  2  3  4  5  6  7  8 |
---------------+-------------------------+-----
Fighting       | 4 5 6 7 |  7.4
Long Blades    | 4 5 6 7 8 10 | 10.8
Dodging        | 4 5 6 |  6.4
Stealth        | 2 3 |  3.0
Evocations     | |  0.4

Action                   |  1- 3 |  4- 6 |  7- 9 || total
-------------------------+-------+-------+-------++-------
Melee: Falchion          |    54 |   122 |   145 ||   321
       Headbutt          |    12 |    29 |    34 ||    75
Throw: Stone             |       |    23 |     5 ||    28
Invok: Whirlwind         |       |       |    14 ||    14
       Lunge             |       |       |    13 ||    13
Evoke: Wand              |       |     2 |     1 ||     3
  Use: Potion            |       |       |     1 ||     1
 Stab: Sleeping          |     4 |     7 |    11 ||    22
       Paralysed         |       |     6 |       ||     6
  Eat: Chunk             |       |     7 |     7 ||    14
Armor: Robe              |    13 |    22 |    18 ||    53
Dodge: Dodged            |    40 |    87 |    74 ||   201
       Rpst.: Falchion   |     7 |    26 |    21 ||    54

Table legend:
 A = Non-vault XP
 B = Vault XP
 C = Vault XP percentage of total XP
 D = Non-vault monster count
 E = Vault monster count
 F = Vault count percentage of total count
                 A         B        C        D         E       F
            +---------+---------+-------+---------+---------+-------
      Total |    2316 |     555 |  19.3 |     128 |      24 |  15.8
            +---------+---------+-------+---------+---------+-------
        D:1 |      28 |       6 |  17.6 |      16 |       2 |  11.1
        D:2 |      82 |       2 |   2.4 |      24 |       2 |   7.7
        D:3 |     161 |       8 |   4.7 |      38 |       4 |   9.5
        D:4 |     365 |     459 |  55.7 |      15 |      13 |  46.4
        D:5 |     141 |       0 |   0.0 |      10 |       0 |   0.0
        D:6 |    1539 |      80 |   4.9 |      25 |       3 |  10.7
            +---------+---------+-------+---------+---------+-------
